 Dungeon Crawl Stone Soup version 0.17.1-2-g5865329 (webtiles) character file.

1388 Killerpretzel the Destroyer (level 8, -2/43 HPs)
             Began as a Deep Elf Conjurer on Jan 12, 2016.
             Slain by a killer bee (5 damage)
             ... on level 6 of the Dungeon.
             The game lasted 00:50:11 (9295 turns).

Killerpretzel the Destroyer (Deep Elf Conjurer)     Turns: 9295, Time: 00:50:11

Health: -2/43      AC:  4    Str:  7    XL:     8   Next: 40%
Magic:  16/16      EV: 13    Int: 21    God:
Gold:   261        SH:  0    Dex: 15    Spells: 3 memorised, 7 levels left

rFire  . . .     SeeInvis .     f - +4 dagger
rCold  + . .     Clarity  .     r - +2 robe {MR+}
rNeg   . . .     SustAt   .     (no shield)
rPois  +         Gourm    .     (no helmet)
rElec  .         Spirit   .     (no cloak)
rCorr  .         Warding  .     (no gloves)
rMut   +         Stasis   .     (no boots)
MR     +....                    b - amulet of resist mutation
Stlth  ++........               l - ring of protection from cold
                                j - ring of poison resistance

@: somewhat resistant to hostile enchantments, unstealthy
A: no striking features
a: no special abilities


You were on level 6 of the Dungeon.
You were not hungry.

You visited 2 branches of the dungeon, and saw 9 of its levels.

You collected 261 gold pieces.

Inventory:

Hand Weapons
 d - a +0 hunting sling
 f - a +4 dagger (weapon)
Missiles
 m - 16 poisoned needles
Armour
 r - a +2 robe of magic resistance (worn)
Jewellery
 b - an amulet of resist mutation (around neck)
 j - a ring of poison resistance (left hand)
 l - a ring of protection from cold (right hand)
 p - an uncursed ring of flight
Wands
 n - a wand of polymorph (11)
 x - a wand of invisibility (0)
Scrolls
 e - a scroll of recharging {unknown}
 g - a scroll of noise {unknown}
Potions
 a - 2 potions of degeneration {unknown}
 h - a potion of curing
 t - 2 potions of might {unknown}
Comestibles
 c - 5 bread rations {@e1}


   Skills:
 + Level 1.2 Fighting
 + Level 3.4 Dodging
 - Level 2.4 Stealth
 + Level 4.0 Spellcasting
 * Level 9.6 Conjurations
 + Level 8.1 Charms


You had 7 spell levels left.
You knew the following spells:

 Your Spells              Type           Power        Failure   Level  Hunger
a - Magic Dart            Conj           ####         1%          1    None
b - Searing Ray           Conj           #####.       1%          2    #......
w - Iskenderun's Battles  Conj/Chrm      #####...     12%         5    ######.


Dungeon Overview and Level Annotations

Branches:
Dungeon (8/15)             Temple (1/1) D:4
   Lair: D:8-11

Altars:
Cheibriados
Dithmenos
Elyvilon
Gozag
Makhleb
Okawaru
Qazlal
Ru
Sif Muna
Xom
Yredelemnul
The Shining One

Annotations:
D:3 Musteatbrain's ghost, amateur DsFi
D:5 DeXoteric's ghost, novice FoFi
D:7 Musteatbrain's ghost, novice DsFi


Message History

The killer bee stings you. x3
You are more poisoned.
The killer bee poisons you! The killer bee stings you.
The killer bee barely misses you.
You climb upwards.
* * * LOW HITPOINT WARNING * * *
You feel sick.
There is a stone staircase leading down here.
Read which item? (? for menu, Esc to quit)
Okay, then.
Drink which item? (? for menu, Esc to quit)
You feel better. The killer bee stings you.
* * * LOW HITPOINT WARNING * * *
The killer bee stings you.
* * * LOW HITPOINT WARNING * * *
The killer bee closely misses you. x2
The killer bee stings you!
* * * LOW HITPOINT WARNING * * *
The killer bee stings you.
You die...

###### #....#
#....# #....#
#########....#
#........y...#
+.......y@y..#
#.^.....y....#
#...........##
#...........#
#...........#
#.##.....##.#
#.##.....##.#
#.##.....##.#
#.##.....##.######


You could see 4 killer bees.

Vanquished Creatures
  Duvessa (D:5)
  4 ogres
  A giant frog (D:5)
  2 scorpions
  Dowan (D:5)
  3 killer bees (D:8)
  A giant frog zombie (D:5)
  A crimson imp (D:6)
  A jelly (D:3)
  An orc priest (D:4)
  An orc wizard (D:4)
  3 worker ants (D:4)
  An iguana (D:5)
  A hound skeleton (D:4)
  6 adders
  11 gnolls
  A shadow imp (D:8)
  An ooze (D:1)
  An adder zombie (D:6)
  An adder skeleton (D:4)
  4 worms
  8 orcs
  3 ball pythons
  12 bats
  7 giant cockroaches
  7 goblins
  10 hobgoblins
  21 jackals
  13 kobolds
  2 quokkas
  5 giant geckos
  4 giant newts
  A quokka skeleton (D:4)
  25 rats
165 creatures vanquished.

Notes
Turn   | Place    | Note
--------------------------------------------------------------
     0 | D:1      | Killerpretzel the Deep Elf Conjurer began the quest for the Orb.
     0 | D:1      | Reached XP level 1. HP: 10/10 MP: 6/6
   118 | D:1      | Reached XP level 2. HP: 15/15 MP: 1/8
   119 | D:1      | Reached skill level 5 in Conjurations
   196 | D:1      | Learned a level 2 spell: Searing Ray
   541 | D:1      | Reached XP level 3. HP: 19/19 MP: 4/9
  1631 | D:2      | Reached skill level 6 in Conjurations
  1775 | D:2      | Reached XP level 4. HP: 24/24 MP: 1/10
  2356 | D:3      | Reached XP level 5. HP: 28/28 MP: 2/11
  2363 | D:3      | Learned a level 5 spell: Iskenderun's Battlesphere
  2408 | D:3      | Noticed Musteatbrain's ghost (amateur DsFi)
  2746 | D:3      | Reached skill level 1 in Charms
  2752 | D:3      | Reached skill level 7 in Conjurations
  3800 | D:4      | Noticed an ogre
  3814 | D:4      | Killed an ogre
  3814 | D:4      | Reached XP level 6. HP: 22/32 MP: 6/12
  4752 | D:4      | Reached skill level 5 in Charms
  4767 | D:4      | Reached skill level 8 in Conjurations
  5655 | D:4      | Reached XP level 7. HP: 36/36 MP: 5/13
  5730 | D:4      | Found a staircase to the Ecumenical Temple.
  5741 | Temple   | Entered the Ecumenical Temple
  6172 | D:5      | Entered Level 5 of the Dungeon
  6305 | D:5      | Noticed DeXoteric's ghost (novice FoFi)
  6875 | D:5      | Found an opulent altar of Gozag.
  7056 | D:5      | Noticed Dowan
  7058 | D:5      | Noticed Duvessa
  7062 | D:5      | Killed Dowan
  7212 | D:5      | Killed Duvessa
  7212 | D:5      | Reached skill level 9 in Conjurations
  7485 | D:4      | Reached XP level 8. HP: 41/41 MP: 4/14
  9081 | D:8      | Reached skill level 1 in Fighting
  9284 | D:7      | Noticed Musteatbrain's ghost (novice DsFi)
  9295 | D:6      | Slain by a killer bee

Action                   |  1- 3 |  4- 6 |  7- 9 || total
-------------------------+-------+-------+-------++-------
Melee: Dagger            |       |     6 |       ||     6
 Cast: Magic Dart        |    92 |   177 |    90 ||   359
       Searing Ray       |     2 |    12 |     4 ||    18
       Iskenderun's Batt |       |       |    18 ||    18
Evoke: Wand              |       |     1 |     1 ||     2
  Use: Scroll            |     3 |    10 |     5 ||    18
       Potion            |       |       |     2 ||     2
  Eat: Chunk             |     2 |    13 |    11 ||    26
       Fruit             |       |       |     3 ||     3
       Meat ration       |       |       |     1 ||     1
